 Dungeon Crawl Stone Soup version 0.19.1 (webtiles) character file.

4174 kengeki the Conjurer (level 10, -2/59 HPs)
             Began as a High Elf Fire Elementalist on Nov 29, 2016.
             Was a Priest of Vehumet.
             Slain by Grum
             ... wielding a -1 spear
              (15 damage)
             ... on level 7 of the Dungeon.
             The game lasted 01:19:16 (11689 turns).

kengeki the Conjurer (High Elf Fire Elementalist)  Turns: 11689, Time: 01:19:18

Health: -2/59      AC:  7    Str:  7    XL:     10   Next: 7%
Magic:  15/22      EV: 13    Int: 29    God:    Vehumet [***...]
Gold:   303        SH:  0    Dex: 16    Spells: 6 memorised, 6 levels left

rFire  . . .     SeeInvis .     s - +2 short sword (venom)
rCold  . . .     Gourm    .     C - +1 robe {MR+}
rNeg   . . .     Faith    .     (no shield)
rPois  .         Spirit   .     (no helmet)
rElec  .         Reflect  .     l - +0 cloak
rCorr  .         Harm     .     k - +2 pair of gloves
MR     ++...                    (no boots)
Stlth  +++.......               (no amulet)
                                t - ring of stealth
                                o - +6 ring of intelligence

@: lethally poisoned (-2 -> -4)
A: no striking features
a: Renounce Religion


You were on level 7 of the Dungeon.
You worshipped Vehumet.
Vehumet was most pleased with you.
You were not hungry.

You visited 2 branches of the dungeon, and saw 9 of its levels.
You also visited: Sewer.

You collected 303 gold pieces.

Inventory:

Hand Weapons
 s - a +2 short sword of venom (weapon)
Armour
 k - a +2 pair of gloves (worn)
 l - a +0 cloak (worn)
 C - a +1 robe of magic resistance (worn)
Jewellery
 o - a +6 ring of intelligence (left hand)
 t - a ring of stealth (right hand)
 w - an uncursed ring of flight
Wands
 x - a wand of polymorph (3/24)
 y - a wand of slowing (17/48)
Scrolls
 j - a scroll of immolation
 m - 2 scrolls of teleportation
 p - 3 scrolls of remove curse
 u - 2 scrolls of fear
 v - a scroll of amnesia
Potions
 d - 5 potions of curing
 e - 2 potions of heal wounds
 f - 3 potions of magic
 h - 2 potions of flight
 i - 3 potions of brilliance
 q - 2 potions of might
 r - 2 potions of cancellation
 A - a potion of ambrosia {unknown}
Books
 b - a book of Flames

   Spells                             Type                      Level
   a - Flame Tongue                   Conjuration/Fire             1
   b - Throw Flame                    Conjuration/Fire             2
   c - Conjure Flame                  Conjuration/Fire             3
   d - Inner Flame                    Hexes/Fire                   3
   e - Sticky Flame                   Conjuration/Fire             4
   f - Fireball                       Conjuration/Fire             5
Comestibles
 a - 11 chunks of flesh
 c - 6 bread rations
 g - 3 meat rations


   Skills:
 + Level 1.4 Fighting
 + Level 7.7 Short Blades
 + Level 3.0 Dodging
 + Level 3.2 Stealth
 + Level 7.7 Spellcasting
 + Level 7.9 Conjurations
 + Level 7.5 Fire Magic
 * Level 3.8 Evocations


You had 6 spell levels left.
You knew the following spells:

 Your Spells              Type           Power        Failure   Level  Hunger
c - Conjure Flame         Conj/Fire      ######..     1%          3    None
f - Fireball              Conj/Fire      ######....   2%          5    ####...
i - Inner Flame           Hex/Fire       ####....     1%          3    None
o - Flame Tongue          Conj/Fire      #####        1%          1    None
s - Sticky Flame          Conj/Fire      ######..     1%          4    ##.....
t - Throw Flame           Conj/Fire      ######       1%          2    None


Dungeon Overview and Level Annotations

Branches:
Dungeon (8/15)             Temple (1/1) D:4
   Lair: D:8-11

Altars:
Ashenzari
Cheibriados
Dithmenos
Elyvilon
Fedhas
Gozag
Hepliaklqana
Kikubaaqudgha
Makhleb
Nemelex Xobeh
Okawaru
Qazlal
Ru
Sif Muna
Trog
Uskayaw
Vehumet
Yredelemnul
Zin
The Shining One

Annotations:
D:7 cyclops, Grum


Message History

Casting: Sticky Flame
Confirm with . or Enter, or press ? or * to list all spells.
Aiming: Sticky Flame
Press: ? - help, Shift-Dir - straight line, f - Grum, p - killer bee
Aim: Grum, wielding a spear and wearing an animal skin (lightly wounded)
The sticky flame hits Grum.
Grum is moderately wounded.
Grum is covered in liquid flames!
The killer bee burns!
Grum burns!
The killer bee stings you!
You are poisoned.
The killer bee poisons you! The killer bee barely misses you.
Grum hits you with a spear.
* * * LOW HITPOINT WARNING * * *
You feel sick.
The killer bee burns!
You kill the killer bee!
Vehumet accepts your kill.
Vehumet is aiding your destructive magics.
You feel your power returning.
Grum burns!
Grum hits you from afar with a spear!
You die...

.......##..###.##
#.........
###.##..........#
#.##.##### #.##.##...##..#
#.##.# ##.#.#....##..#
#####.##.#
##...........####.....##.#
##.##............######.#
#.##.#..[......../<....#
#.##.....g>.############
#.########.@# #.# #..#
#.########..#
#...........#
###########.# #.#######
#.....(.# #######.#
#.########


You could see Grum (burning).

Vanquished Creatures
  Pikel (D:6)
  The ghost of truemonolith the Nimble, a novice DECj (D:5)
  Grinder (D:6)
  Menkaure (D:6)
  Edmund (D:6)
  An orc warrior (D:6)
  2 ice beasts
  A black bear (D:7)
  2 ogres
  A phantom (D:6)
  2 slaves (D:6)
  3 centaurs
  3 wolves
  2 big kobolds
  Blork the orc (D:6)
  A bullfrog (D:7)
  3 scorpions (D:5)
  6 killer bees
  4 howler monkeys
  3 crimson imps
  4 hounds
  A quasit (D:6)
  A centaur skeleton (D:7)
  A centaur zombie (D:7)
  4 orc priests
  A bullfrog skeleton (D:5)
  3 orc wizards
  An iguana (D:4)
  5 worker ants
  Natasha (thrice) (D:3)
  A hound skeleton (D:4)
  7 gnolls (D:3)
  A howler monkey zombie (D:6)
  14 adders
  A shadow imp (D:5)
  An ooze (D:3)
  2 dart slugs
  5 leopard geckos
  29 orcs
  8 giant cockroaches
  8 goblins
  8 hobgoblins
  12 jackals
  23 kobolds
  5 quokkas
  5 ball pythons
  3 bats
  10 frilled lizards
  A leopard gecko skeleton (D:5)
  11 rats
  3 plants (Sewer)
222 creatures vanquished.

Vanquished Creatures (others)
  A slave (D:6)
  A centaur zombie (D:6)
  An orc wizard (D:6)
  3 gnolls (D:6)
  2 orcs (D:6)
  A leopard gecko skeleton (D:6)
9 creatures vanquished.

Grand Total: 231 creatures vanquished

Notes
Turn   | Place    | Note
-------+----------+-------------------------------------------
     0 | D:1      | kengeki the High Elf Fire Elementalist began the quest for the Orb.
     0 | D:1      | Reached XP level 1. HP: 11/11 MP: 4/4
   238 | D:1      | Reached XP level 2. HP: 17/17 MP: 3/6
   705 | D:1      | Learned a level 2 spell: Throw Flame
  1003 | D:3      | Noticed an ice beast
  1079 | D:2      | Reached XP level 3. HP: 21/21 MP: 5/8
  1991 | D:3      | Noticed Natasha
  2079 | D:2      | Reached XP level 4. HP: 27/27 MP: 6/9
  2115 | D:2      | Learned a level 4 spell: Sticky Flame
  2120 | D:3      | Killed Natasha
  2441 | D:3      | Noticed Natasha
  2445 | D:3      | Killed Natasha
  2445 | D:3      | Reached XP level 5. HP: 31/31 MP: 4/11
  2611 | D:3      | Found a stormy altar of Qazlal.
  2695 | D:3      | Killed an ice beast
  2860 | D:3      | Noticed Natasha
  2874 | D:3      | Killed Natasha
  2874 | D:3      | Reached XP level 6. HP: 24/36 MP: 6/13
  3313 | D:3      | Found a burning altar of Makhleb.
  3713 | D:2      | Learned a level 5 spell: Fireball
  4292 | D:4      | Reached skill level 5 in Spellcasting
  4300 | D:4      | Reached skill level 5 in Fire Magic
  4505 | D:4      | Found a white marble altar of Elyvilon.
  4525 | D:4      | Reached XP level 7. HP: 41/41 MP: 5/15
  4687 | D:4      | Reached skill level 5 in Conjurations
  4802 | D:4      | Found a staircase to the Ecumenical Temple.
  4871 | Temple   | Entered the Ecumenical Temple
  5022 | Temple   | Became a worshipper of Vehumet
  5605 | D:5      | Entered Level 5 of the Dungeon
  5609 | D:5      | Found a sparkling altar of Nemelex Xobeh.
  5734 | D:5      | Reached skill level 1 in Short Blades
  6274 | D:5      | Found a bloodstained altar of Trog.
  6602 | D:5      | Reached XP level 8. HP: 46/46 MP: 8/17
  6706 | D:5      | Reached * piety under Vehumet
  6706 | D:5      | Offered knowledge of Sandblast by Vehumet.
  7200 | D:5      | Noticed truemonolith's ghost (novice DECj)
  7216 | D:5      | Killed truemonolith's ghost
  7505 | D:6      | Noticed Grinder
  7506 | D:6      | Paralysed by Grinder for 2 turns
  7514 | D:6      | Killed Grinder
  7514 | D:6      | Reached skill level 5 in Short Blades
  7658 | D:6      | Found a glowing drain.
  7660 | D:6      | Noticed Edmund
  7799 | D:6      | Killed Edmund
  7974 | D:6      | Noticed Blork the orc
  7981 | D:6      | Killed Blork the orc
  8073 | D:6      | Noticed Menkaure
  8078 | D:6      | Killed Menkaure
  8078 | D:6      | Reached XP level 9. HP: 51/51 MP: 13/20
  8088 | Sewer    | Entered a sewer
  8321 | Sewer    | Offered knowledge of Shock by Vehumet.
  8349 | Sewer    | Reached ** piety under Vehumet
  9325 | D:6      | Learned a level 3 spell: Inner Flame
  9329 | D:6      | Learned a level 3 spell: Conjure Flame
  9582 | D:6      | Noticed Pikel
  9589 | D:6      | Killed Pikel
  9589 | D:6      | Reached skill level 1 in Evocations
 10142 | D:6      | Found a blossoming altar of Fedhas.
 10142 | D:6      | Found a faded altar of an unknown god.
 10150 | D:6      | Found a faded altar of an unknown god.
 10152 | D:6      | Found a faded altar of an unknown god.
 10153 | D:6      | Found a faded altar of an unknown god.
 10489 | D:7      | Found a deep blue altar of Sif Muna.
 10498 | D:7      | Offered knowledge of Dazzling Spray by Vehumet.
 10930 | D:7      | Reached skill level 1 in Fighting
 10974 | D:7      | Noticed a cyclops
 11568 | D:8      | Noticed Grum
 11571 | D:8      | Reached XP level 10. HP: 59/59 MP: 2/22
 11689 | D:7      | Reached *** piety under Vehumet
 11689 | D:7      | Slain by Grum

Skill      XL: |  1  2  3  4  5  6  7  8  9 10 |
---------------+-------------------------------+-----
Conjurations   | 2 3 4 5 6 7 |  7.9
Spellcasting   | 3 4 5 6 7 |  7.7
Fire Magic     | 4 5 6 7 |  7.5
Short Blades   | 3 6 7 |  7.7
Evocations     | 3 |  3.8
Fighting       | 1 |  1.4
Dodging        | 3 |  3.0
Stealth        | 3 |  3.2

Action                   |  1- 3 |  4- 6 |  7- 9 | 10-12 || total
-------------------------+-------+-------+-------+-------++-------
Melee: Short sword       |       |       |   119 |    13 ||   132
 Cast: Flame Tongue      |    42 |    56 |   110 |     3 ||   211
       Throw Flame       |    10 |    42 |   110 |       ||   162
       Sticky Flame      |       |     8 |    16 |     2 ||    26
       Fireball          |       |       |    11 |       ||    11
       Inner Flame       |       |       |     7 |     1 ||     8
       Conjure Flame     |       |       |     1 |       ||     1
 Abil: Stop Flying       |       |       |     3 |       ||     3
       Evoke Flight      |       |       |     3 |       ||     3
Evoke: Wand              |       |       |    10 |       ||    10
  Use: Scroll            |     6 |     5 |    11 |       ||    22
       Potion            |     2 |       |     1 |       ||     3
 Stab: Sleeping          |       |       |     6 |       ||     6
  Eat: Chunk             |     4 |     8 |    18 |     1 ||    31
       Pizza             |       |     1 |       |       ||     1
       Royal jelly       |       |       |     1 |       ||     1
       Meat ration       |       |       |     1 |       ||     1
Armor: Robe              |     1 |     6 |    21 |     5 ||    33
       Skin              |       |       |     4 |       ||     4
Dodge: Dodged            |     7 |    19 |    67 |    11 ||   104
